 Dungeon Crawl Stone Soup version 0.13-b1-54-gfe00c74 (webtiles) character file.

160 Malachi the Insei (level 4, -1/34 HPs)
             Began as a Demonspawn Monk on Oct 10, 2013.
             Hit by an orcish dagger thrown by a gnoll (7 damage)
             ... on Level 2 of the Dungeon.
             The game lasted 00:02:26 (1915 turns).

Malachi the Insei (Demonspawn Monk)                 Turns: 1915, Time: 00:02:26

HP  -1/34        AC 11     Str 11      XL: 4   Next: 30%
MP   3/3         EV 11     Int 13      God:
Gold 72          SH  0     Dex 14      Spells:  0 memorised,  3 levels left

Res.Fire  : . . .   See Invis. : .     - Unarmed
Res.Cold  : . . .   Warding    : .   j - +2 elf leather armour
Life Prot.: . . .   Conserve   : .   (no shield)
Res.Poison: .       Res.Corr.  : .   (no helmet)
Res.Elec. : .       Clarity    : .   (no cloak)
Sust.Abil.: . .     Spirit.Shd : .   (no gloves)
Res.Mut.  : .       Stasis     : .   (no boots)
Res.Rott. : .       Flight     : .   (no amulet)
Saprovore : . . .                    (no ring)
                                     o - +2 ring of protection

@: slightly resistant to hostile enchantments, unstealthy
A: powered by pain 1, AC +4, Dex -1
a: no special abilities


You were on level 2 of the Dungeon.
You were very hungry.

You visited 1 branch of the dungeon, and saw 2 of its levels.

You collected 72 gold pieces.

Inventory:

Armour
 a - a +0 robe
 j - a +2 elven leather armour (worn)
Comestibles
 b - a bread ration
Scrolls
 d - a scroll of remove curse {unknown}
 g - a scroll of teleportation {unknown}
 h - 2 scrolls of noise {unknown}
 i - a scroll of curse weapon {unknown}
 l - a scroll of curse armour {unknown}
 n - a scroll of curse jewellery {unknown}
Jewellery
 o - a +2 ring of protection (left hand)
Potions
 c - 2 potions of confusion {unknown}
 e - a potion of flight {unknown}
 f - a potion of might {unknown}
 k - a potion of curing {unknown}
 m - a potion of heal wounds {unknown}


   Skills:
 - Level 3.0 Fighting
 + Level 0.1 Armour
 - Level 2.6 Dodging
 - Level 1.7 Stealth
 * Level 5.3 Unarmed Combat


You had 3 spell levels left.
You didn't know any spells.

Dungeon Overview and Level Annotations

Branches:
Dungeon (2/27)

Altars:


Innate Abilities, Weirdness & Mutations

You are partially covered in rough black scales (AC +4, Dex -1).
You sometimes gain a little power by taking damage.


Message History

The giant newt bites you but does no damage.
The gnoll hits you with a spear. The gnoll hits you with a flail.
You closely miss the gnoll.
The gnoll is moderately wounded.
The giant newt bites you but does no damage.
The gnoll hits you with a spear.
You punch the gnoll!
The gnoll is severely wounded.
The gnoll hits you with a flail.
The giant newt bites you but does no damage.
You barely miss the gnoll.
The gnoll is severely wounded.
The gnoll hits you with a spear! The giant newt bites you.
* * * LOW HITPOINT WARNING * * *
The gnoll barely misses you.
You are too injured to fight recklessly!
The gnoll hits you from afar with a spear.
* * * LOW HITPOINT WARNING * * *
The gnoll throws an orcish dagger.
The orcish dagger hits you!
You die...

.# #.....#...............#.#.....
.###.###.#.########......#.######
.....# #.# #......#.#.....
########.# #......#.#.#### ..#.#
#########.###.#.# #.#(# ..#..#
#.# #.#.# #.#(######.#..# .#
#...#
######.#..[...gl#..#.#########
.......(...(..g.@........
######.########.#.....### #....#
#.##.##.# ####g# #.. .#
#.######## # #)..(g[g# #######.#
... ##...


You could see 2 gnolls and a giant newt.

Vanquished Creatures
  Jessica (D:2)
  2 gnolls
  2 adders (D:2)
  A worm (D:2)
  2 giant geckos
  3 bats (D:1)
  10 goblins
  A hobgoblin (D:1)
  A jackal (D:1)
  4 kobolds
  A quokka (D:2)
  3 rats
31 creatures vanquished.

Vanquished Creatures (others)
  A hobgoblin (D:1)
  A jackal (D:1)
2 creatures vanquished.

Grand Total: 33 creatures vanquished

Notes
Turn   | Place    | Note
--------------------------------------------------------------
     0 | D:1      | Malachi, the Demonspawn Monk, began the quest for the Orb.
     0 | D:1      | Reached XP level 1. HP: 16/16 MP: 0/0
    87 | D:1      | Reached skill level 4 in Unarmed Combat
   100 | D:1      | Gained mutation: You sometimes gain a little power by taking damage. [demonic ancestry]
   100 | D:1      | Reached XP level 2. HP: 6/22 MP: 1/1
   664 | D:1      | Reached XP level 3. HP: 25/28 MP: 2/2
  1364 | D:2      | Noticed Jessica
  1367 | D:2      | Killed Jessica
  1367 | D:2      | Reached skill level 5 in Unarmed Combat
  1487 | D:2      | Gained mutation: You are partially covered in rough black scales (AC +4, Dex -1). [demonic ancestry]
  1487 | D:2      | Reached XP level 4. HP: 24/34 MP: 3/3
  1915 | D:2      | Hit by an orcish dagger thrown by a gnoll

Action                   |  1- 3 |  4- 6 || total
-------------------------+-------+-------++-------
Melee: Unarmed           |   124 |    49 ||   173
 Stab: Sleeping          |     2 |       ||     2
